 Dungeon Crawl Stone Soup version 0.29.0-4-gdea44cf6ec (webtiles) character file.

Game seed: 829356095530666883

5 qw the Firebug (level 1, 0/15 HPs)
             Began as a Ghoul Fire Elementalist on Aug 29, 2022.
             Slain by a jackal (2 damage)
             ... on level 1 of the Dungeon.
             The game lasted 00:00:23 (600 turns).

qw the Firebug (Ghoul Fire Elementalist)             Turns: 600, Time: 00:00:24

Health: 0/15       AC:  2    Str: 11    XL:     1   Next: 80%
Magic:  2/2        EV: 12    Int: 10    God:
Gold:   23         SH:  0    Dex:  9    Spells: 2/3 levels left

rFire   . . .      SeeInvis .     - Unarmed
rCold   + . .      Faith    .   (no shield)
rNeg    + + +      Spirit   .   a - +0 robe
rPois   inf        Reflect  .   (no helmet)
rElec   .          Harm     .   (no cloak)
rCorr   .          Rampage  .   (no gloves)
Will    .....                   (no boots)
Stlth   ++........              (no amulet)
HPRegen 0.00/turn               (no ring)
MPRegen 0.08/turn               (no ring)

@: inhibited regen
A: claws 1, cold resistance 1, negative energy resistance 3, inhibited
regeneration, torment resistance 2, devour on kill
a: no special abilities


You were on level 1 of the Dungeon.
You visited 1 branch of the dungeon, and saw 1 of its levels.

You collected 23 gold pieces.


Innate Abilities, Weirdness & Mutations

You are immune to poison.
You have sharp fingernails.
Your flesh is cold resistant. (rC+)
You are immune to negative energy. (rN+++)
You do not regenerate when monsters are visible.
You are immune to unholy pain and torment.
You thrive by killing the living.


   Skills:
 + Level 0.7 Fighting
 - Level 1.7 Dodging
 - Level 2.1 Stealth
 - Level 1.0 Unarmed Combat
 - Level 1.7 Spellcasting
 - Level 0.7 Conjurations
 - Level 2.4 Fire Magic


You had 2 spell levels left.
You knew the following spells:

 Your Spells              Type           Power      Damage    Failure   Level
a - Foxfire               Conj/Fire      16%        2x1d4     17%         1

Your spell library contained the following spells:

 Spells                   Type           Power      Damage    Failure   Level
 Scorch                   Fire           10%        2d5       19%         2
 Conjure Flame            Conj/Fire      4%         6-21      45%         3
 Inner Flame              Hex/Fire       3%         N/A       52%         3
 Flame Wave               Conj/Fire      4%         2d5       86%         4

Inventory:

Armour
 a - a +0 robe (worn)
Potions
 b - a potion of magic

Dungeon Overview and Level Annotations

Branches:
Dungeon (1/15)

Altars:


Message History

The jackal barely misses you.
You miss the jackal. The jackal bites you.
You closely miss the jackal. The jackal completely misses you.
You closely miss the jackal. The jackal bites you. x2
You barely miss the jackal.
The jackal bites you but does no damage.
You scratch the jackal but do no damage.
The jackal bites you. x2
You closely miss the jackal. The jackal closely misses you.
You barely miss the jackal. The jackal misses you.
You scratch the jackal.
The jackal is heavily wounded.
The jackal bites you. The jackal completely misses you.
You closely miss the jackal.
The jackal is heavily wounded.
The jackal closely misses you.
You barely miss the jackal.
The jackal is heavily wounded.
The jackal bites you.
You closely miss the jackal.
The jackal is heavily wounded.
The jackal bites you. The jackal closely misses you.
You scratch the jackal but do no damage.
The jackal is heavily wounded.
The jackal completely misses you.
You scratch the jackal but do no damage.
The jackal is heavily wounded.
The jackal bites you. The jackal closely misses you.
You scratch the jackal but do no damage.
The jackal is heavily wounded.
The jackal misses you.
You barely miss the jackal.
The jackal is heavily wounded.
The jackal bites you.
You die...

.......# ....#..####
##### ....#.....## ....#
....##.##..## .....#
....##......## .....#
....######...# #.....#
....# #.#.## ......#
....######.#..###......#
..%.##.....##...@h# #..
#....
.......(.####..######..#
#....
##...............#.....#
#...
#.......###.......##..##
... #.......#
#.####..##... ..#
#.......#
#......).#..### #.#
#.......#
#.###.#..#....###.#
#.......#
#.................##
#########
#####.##..#.#.###..#


You could see a jackal.

Vanquished Creatures
  2 ball pythons (D:1)
  2 jackals (D:1)
  A frilled lizard (D:1)
5 creatures vanquished.

Notes
Turn   | Place    | Note
-------+----------+-------------------------------------------
     0 | D:1      | qw the Ghoul Fire Elementalist began the quest for the Orb.
     0 | D:1      | Reached XP level 1. HP: 14/14 MP: 2/2
     0 | D:1      | 0 ||| qw: Version: 0.1-a-90-g952f4b7
     0 | D:1      | 0 ||| qw: Game counter: 4060
     0 | D:1      | 0 ||| qw: Always use a shield: true
     0 | D:1      | 0 ||| qw: God list: Okawaru
     0 | D:1      | 0 ||| qw: Allow faded altars: false
     0 | D:1      | 0 ||| qw: Do Orc after D:15 true
     0 | D:1      | 0 ||| qw: Do second Lair branch before Depths: true
     0 | D:1      | 0 ||| qw: Lair rune preference: random
     0 | D:1      | 0 ||| qw: Plans: Normal
     0 | D:1      | 0 ||| PLANNING D:1-11
   225 | D:1      | Reached skill level 1 in Unarmed Combat
   391 | D:1      | 391 ||| Stepping ~*~*~tactically~*~*~ (stealth).
   393 | D:1      | 393 ||| Stepping ~*~*~tactically~*~*~ (stealth).
   482 | D:1      | 482 ||| Stepping ~*~*~tactically~*~*~ (stealth).
   483 | D:1      | 483 ||| Stepping ~*~*~tactically~*~*~ (stealth).
   485 | D:1      | 485 ||| Stepping ~*~*~tactically~*~*~ (stealth).
   488 | D:1      | 488 ||| Stepping ~*~*~tactically~*~*~ (stealth).
   489 | D:1      | 489 ||| Stepping ~*~*~tactically~*~*~ (stealth).
   492 | D:1      | 492 ||| Stepping ~*~*~tactically~*~*~ (stealth).
   494 | D:1      | 494 ||| Stepping ~*~*~tactically~*~*~ (stealth).
   576 | D:1      | 576 ||| Stepping ~*~*~tactically~*~*~ (stealth).
   580 | D:1      | 580 ||| Stepping ~*~*~tactically~*~*~ (stealth).
   598 | D:1      | HP: 2/15 [jackal (3)]
   600 | D:1      | Slain by a jackal

Levels and vault maps discovered:
D:1:      tarquinn_simple_flora_water_a, layout_basic,
          shapermc_ecumenical_altar_pompeii

Skill      XL: |  1 |
---------------+----+-----
Unarmed Combat | 1 |  1.0
Fighting       | |  0.7
Dodging        | |  1.7
Stealth        | |  2.1
Spellcasting   | |  1.7
Conjurations   | |  0.7
Fire Magic     | |  2.4

Action                   || total
-------------------------++-------
Melee: Unarmed           ||    42
Armor: Robe              ||     6
Dodge: Dodged            ||    25

Table legend:
 A = Non-vault XP
 B = Vault XP
 C = Vault XP percentage of total XP
 D = Non-vault monster count
 E = Vault monster count
 F = Vault count percentage of total count
                 A         B        C        D         E       F
            +---------+---------+-------+---------+---------+-------
      Total |       8 |       0 |   0.0 |       5 |       0 |   0.0
            +---------+---------+-------+---------+---------+-------
        D:1 |       8 |       0 |   0.0 |       5 |       0 |   0.0
            +---------+---------+-------+---------+---------+-------
